[Event "*** Titled Tuesday Blitz"]
[Site "Chess.com"]
[Date "2019.10.01"]
[Round "1"]
[White "1stSecond"]
[Black "vova-79"]
[Result "1-0"]
[WhiteElo "2855"]
[BlackElo "2457"]
[TimeControl "180+2"]
[EndTime "13:08:21 PDT"]
[Termination "1stSecond won by resignation"]

1. d4 d5 2. c4 c6 3. Nf3 Nf6 4. e3 e6 5. Nc3 Nbd7 6. Qc2 Bd6 7. g4 h6 8. h3 e5 9. cxd5 cxd5 10. Bd2 O-O 11. Nb5 Bb8 12. Rc1 Ne4 13. Nc7 Nxd2 14. Kxd2 Bxc7 15. Qxc7 e4 16. Qxd8 Rxd8 17.
Nh4 Nb6 18. Rc7 Rd7 19. Rc5 Rd6 20. Be2 Bd7 21. Rhc1 Rc6 22. Nf5 Kf8 23. b3 Rac8 24. a4 Bxf5 25. gxf5 Nd7 26. Rxc6 Rxc6 27. Rf1 Nf6 28.
Bb5 Rc7 29. b4 g5 30. fxg6 fxg6 31. h4 Kf7 32. a5 g5 33. hxg5 hxg5 34. Be2 Kg6 35. Rh1 Kg7 36. b5 Rc8 37. Rb1 Kg6 38.
b6 axb6 39. Rxb6 Ra8 40. Rb5 Ra7 41. Bd1 Kf7 42. Kc3 Ke6 43. Kb4 Kd6 44. Bb3 Kc6 45. Rb6+ 1-0

[Event "*** Titled Tuesday Blitz"]
[Site "Chess.com"]
[Date "2019.10.01"]
[Round "1"]
[White "AminMolaei"]
[Black "djano"]
[Result "1-0"]
[WhiteElo "2693"]
[BlackElo "2334"]
[TimeControl "180+2"]
[EndTime "13:08:23 PDT"]
[Termination "AminMolaei won by resignation"]

1. d4 Nf6 2. c4 g6 3. Nc3 d5 4. cxd5 Nxd5 5. e4 Nxc3 6. bxc3 Bg7 7. Bc4 c5 8. Ne2 Nc6 9. O-O O-O 10. Be3 Qc7 11. Rc1 b6 12. h4 Na5 13. Bd3 Bb7 14. h5 Rad8 15. h6 Bh8 16. Qd2 e5 17. d5 c4 18. Bb1 Bc8 19. f4 exf4 20. Bxf4 Qc5+ 21.
Be3 Qc7 22. Bd4 f6 23. Nf4 Nb7 24. Rf2 Nc5 25. Rcf1 Rfe8 26. Qe2 f5 27. Bxh8 Rxe4 28. Bxe4 Nxe4 29. Bd4 Re8 30. Re1 Bd7 31. Qf3 Nxf2 32. Rxe8+ Bxe8 33. Qxf2 Bf7 34. Qe3 g5 35. Nh3 f4 36.
Qe5 Qxe5 37. Bxe5 Bxd5 38. Nxg5 b5 39. Bxf4 a5 40. Bc7 b4 41. cxb4 axb4 42. Ba5 b3 43.
axb3 cxb3 44. Bc3 Bc4 45. Bg7 Bd3 46. g3 Bg6 47. Kf2 Bc2 48. Ke3 Bb1 49. Kd2 Bg6 50. Kc3 Bc2 51. Nf3 Bd1 52. Nd4 Bc2 53. Nxc2 bxc2 54.
Kxc2 Kf7 55. Kd3 Kg8 56. Ke4 Kf7 57. Kf5 Kg8 58. Be5 Kf7 59. g4 Kg8 60. g5 Kf7 61. g6+ Kg8 62. Kg5 hxg6 63. Kxg6 1-0

[Event "*** Titled Tuesday Blitz"]
[Site "Chess.com"]
[Date "2019.10.01"]
[Round "1"]
[White "Ginzburg_Yakov"]
[Black "aranibos"]
[Result "1-0"]
[WhiteElo "2574"]
[BlackElo "2177"]
[TimeControl "180+2"]
[EndTime "13:08:23 PDT"]
[Termination "Ginzburg_Yakov won by resignation"]

1. e4 c6 2. d4 d5 3. Nc3 dxe4 4. Nxe4 Bf5 5. Ng3 Bg6 6. Nf3 Nd7 7. h4 h6 8. h5 Bh7 9. Bd3 Bxd3 10. Qxd3 e6 11. Bf4 Qa5+ 12. Bd2 Qc7 13. O-O-O Ngf6 14. Qe2 Be7 15. Ne4 Nxe4 16. Qxe4 Nf6 17. Qe2 O-O-O 18.
Ne5 Bd6 19. g4 Bxe5 20. dxe5 Nd5 21. f4 Rhe8 22. g5 Ne7 23. Bb4 Rxd1+ 24. Rxd1 c5 25. Bc3 Nf5 26. Qb5 Rd8 27. Rxd8+ Kxd8 28. b4 b6 29.
bxc5 Qxc5 30. Qd3+ Kc7 31. Kb2 Kb7 32. Qd7+ Qc7 33.
Qd3 a6 34. a4 Qc6 35. a5 b5 36. Bb4 Qd5 37. Qxd5+ exd5 38. Bf8 d4 39. Bxg7 1-0

[Event "*** Titled Tuesday Blitz"]
[Site "Chess.com"]
[Date "2019.10.01"]
[Round "1"]
[White "rezacz"]
[Black "Saloni1299"]
[Result "1-0"]
[WhiteElo "2519"]
[BlackElo "2030"]
[TimeControl "180+2"]
[EndTime "13:08:26 PDT"]
[Termination "rezacz won on time"]

1. d4 Nf6 2. c4 g6 3. Nc3 d5 4. Bf4 Bg7 5. e3 O-O 6. Rc1 dxc4 7. Bxc4 c5 8. dxc5 Qa5 9. Ne2 Qxc5 10. Qb3 Nc6 11.
Nb5 Qb6 12. Bc7 Qa6 13. Nd6 Na5 14. Bxa6 Nxb3 15. axb3 bxa6 16. Nc4 Nd5 17. Be5 Nb4 18. O-O Nd3 19. Bxg7 Nxc1 20. Rxc1 Kxg7 21. Nd4 Bb7 22. Na5 Bd5 23. f3 Rac8 24. Rd1 e5 25. Ne2 Be6 26. Nc3 Rfd8 27. Rb1 Rd7 28. Ne4 Rd5 29. Nc4 Rb5 30.
Ned2 Bxc4 31. bxc4 Rb4 32. b3 1-0

[Event "*** Titled Tuesday Blitz"]
[Site "Chess.com"]
[Date "2019.10.01"]
[Round "1"]
[White "dragos420"]
[Black "LaStreetCmaMaison"]
[Result "1-0"]
[WhiteElo "2337"]
[BlackElo "2648"]
[TimeControl "180+2"]
[EndTime "13:08:27 PDT"]
[Termination "dragos420 won by checkmate"]

1. e4 e5 2. Nf3 Nc6 3. Bc4 Nf6 4.
d3 Bc5 5. O-O d6 6. c3 a6 7. Bb3 O-O 8. h3 Be6 9. Bc2 Kh8 10. d4 Ba7 11. d5 Qd7 12. dxc6 bxc6 13. Ng5 Rab8 14. Nd2 d5 15. Ndf3 h6 16. Nxe6 fxe6 17.
Nxe5 Qe8 18. exd5 cxd5 19. Ng6+ Kg8 20. Nxf8 Qxf8 21. Be3 c5 22. b4 e5 23. bxc5 Rb2 24. Bb3 Bxc5 25. Bxd5+ Kh8 26. Bf3 e4 27. Be2 Bd6 28. Bd4 Bc7 29. Rb1 Rxa2 30. Rb7 Qd6 31. g3 Nd5 32. Bc4 e3 33. Bxd5 e2 34. Qb3 exf1=Q+ 35. Kxf1 Rd2 36. Qc4 Qd7 37. Rxc7 Qxh3+ 38. Bg2 Qg4 39.
Bxg7+ Qxg7 40. Rc8+ Kh7 41. Be4+ Qg6 42. Qg8# 1-0

[Event "*** Titled Tuesday Blitz"]
[Site "Chess.com"]
[Date "2019.10.01"]
[Round "1"]
[White "AntonSmirnov"]
[Black "Olga_Girya"]
[Result "1-0"]
[WhiteElo "2907"]
[BlackElo "2473"]
[TimeControl "180+2"]
[EndTime "13:08:28 PDT"]
[Termination "AntonSmirnov won by resignation"]

1. Nf3 d5 2. d4 Nf6 3. c4 e6 4. Nc3 Bb4 5. cxd5 exd5 6. Bg5 h6 7. Bh4 O-O 8. e3 Bf5 9. Qb3 Bxc3+ 10. bxc3 Nbd7 11.
Be2 c5 12. O-O c4 13. Qa3 Re8 14. Rfd1 g5 15. Bg3 Ne4 16. Ne5 Nxe5 17. dxe5 Qe7 18. Qb2 Nxg3 19. hxg3 Qxe5 20. Rd4 b6 21. Rad1 Be6 22.
Qb5 Qf5 23. Bf3 Qc2 24. Bxd5 Qxc3 25. Rxc4 Qa5 26. Qxa5 bxa5 27. Bxe6 Rxe6 28. Rc5 Rb8 29. Rxa5 a6 30. Rd2 Rb1+ 31. Kh2 Rc6 32. g4 Kg7 33.
Kg3 Rf6 34. f3 Re1 35. e4 Rc6 36. Kf2 Rec1 37. Ra3 Rb6 38. Ke3 Rbc6 39. Ra5 Kg6 40. Rad5 Kg7 41. Rd6 R1c3+ 42. Ke2 Rxd6 43. Rxd6 Rc2+ 44.
Rd2 Rc3 45. Kf2 Ra3 46. Ke2 Kg6 47. Kd1 h5 48. gxh5+ Kxh5 49. Kc1 Kh4 50. Kb2 Re3 51. Rd7 Re2+ 52. Kb3 f5 53. exf5 Rxg2 54. f6 Rf2 55.
Rd3 g4 56. fxg4 Rxf6 57. Rd4 Kg5 58. Kb4 Rf2 59. a4 Rf6 60. Ka5 Rc6 61. Rb4 Re6 62.
Rb6 Re4 63. Rxa6 Rxg4 64. Re6 Kf5 65. Re8 Rg6 66. Kb5 Re6 67. Rxe6 Kxe6 68. Kc6 Ke7 69.
a5 1-0

[Event "*** Titled Tuesday Blitz"]
[Site "Chess.com"]
[Date "2019.10.01"]
[Round "1"]
[White "boasovietica"]
[Black "eljanov"]
[Result "0-1"]
[WhiteElo "2412"]
[BlackElo "2791"]
[TimeControl "180+2"]
[EndTime "13:08:30 PDT"]
[Termination "eljanov won by resignation"]

1. e4 c6 2. Nf3 d5 3. Nc3 dxe4 4. Nxe4 Nf6 5. Qe2 Nxe4 6. Qxe4 Be6 7. Bc4 Bd5 8. Bxd5 cxd5 9. Qa4+ Qd7 10. Qxd7+ Nxd7 11. d4 e6 12. Bf4 b5 13. O-O Be7 14. Ne5 Nxe5 15. Bxe5 f6 16. Bg3 Kd7 17. Rfe1 Rhc8 18. Re2 a5 19. Kf1 Rc4 20. Rd2 Rac8 21. Rc1 a4 22. a3 b4 23. axb4 Bxb4 24. c3 Be7 25. Rd3 R8c6 26. f3 Rb6 27. Rc2 Rb3 28. Bf4 a3 29. bxa3 Bxa3 30. Ke2 Rb2 31. Rxb2 Bxb2 32. Kd2 Ba3 33. Kc2 g5 34. Be3 h5 35. Kb3 Bd6 36.
h3 Rc8 37. Rd2 Rb8+ 38. Kc2 Ra8 39. Kb2 h4 40. Rc2 Kc6 41. Kb3 Rb8+ 42. Ka2 Bf4 43.
Bxf4 gxf4 44. Re2 Kd6 45. Rb2 Rxb2+ 46. Kxb2 e5 47. Kc2 Kc6 48. Kb2 Kb5 49. Kb3 exd4 50. cxd4 f5 51. Kc3 Ka4 52. Kc2 Kb4 53. Kd3 Kb3 0-1

[Event "*** Titled Tuesday Blitz"]
[Site "Chess.com"]
[Date "2019.10.01"]
[Round "1"]
[White "raviteja81293"]
[Black "Bucefal_M"]
[Result "0-1"]
[WhiteElo "2607"]
[BlackElo "2281"]
[TimeControl "180+2"]
[EndTime "13:08:31 PDT"]
[Termination "Bucefal_M won by resignation"]

1. d4 Nf6 2. Nf3 e6 3. Bf4 d5 4. e3 Bd6 5. Bxd6 Qxd6 6. c4 dxc4 7. Na3 c3 8. Nb5 Qe7 9. Nxc3 O-O 10. Be2 c5 11. dxc5 Qxc5 12. O-O Nc6 13. Rc1 Rd8 14. Qb3 Qb4 15. Qc2 Bd7 16. Rfd1 Be8 17. Ng5 Rac8 18. Bf3 Ne5 19. Be2 Rxd1+ 20. Rxd1 h6 21. Nf3 Nc4 22. Ne4 Qxb2 23. Nxf6+ gxf6 24. Qe4 Qxe2 25. Rc1 b5 26. Qg4+ Kf8 27. Qf4 Qb2 28. Qxh6+ Ke7 29. Rd1 Bc6 30. Nd4 Bb7 31. Qf4 Ne5 32. Nb3 Qc3 33. h4 Qc4 34. Rd4 Qc6 35. f3 Rg8 36. Kh2 a6 37. Rd1 Qc2 38. Qb4+ Ke8 39. Rd2 Qc7 40. Kh3 Nxf3 41.
Rd6 Ne5 42. g3 Nc4 0-1

[Event "*** Titled Tuesday Blitz"]
[Site "Chess.com"]
[Date "2019.10.01"]
[Round "1"]
[White "ShahMatKanal"]
[Black "Jospem"]
[Result "0-1"]
[WhiteElo "2464"]
[BlackElo "2868"]
[TimeControl "180+2"]
[EndTime "13:08:32 PDT"]
[Termination "Jospem won on time"]

1. d4 Nf6 2. Bf4 g6 3. e3 Bg7 4. Nf3 O-O 5. h3 d6 6. Be2 Nc6 7. Bh2 Nd7 8. O-O e5 9. c3 f5 10. b4 h6 11. b5 Ne7 12. a4 e4 13. Nfd2 g5 14. c4 Nf6 15. Nc3 Ng6 16. a5 Be6 17.
a6 b6 18. Rc1 Qe7 19. Nb3 Rad8 20. Qc2 Nh4 21. d5 Bd7 22. Nd4 Qf7 23. Nc6 Ra8 24.
Rfd1 Kh8 25. Nd4 Rfe8 26. Na2 Ng6 27. Ne6 Bxe6 28. dxe6 Qxe6 29. Nb4 f4 30. Bf1 f3 31. Nd5 Qf7 32. gxf3 exf3 33. Nxc7 Qxc7 34. Qxg6 Re6 35. c5 bxc5 36. Bc4 Qd7 37. Bxe6 Qxe6 38. Qd3 Qxh3 39. Qf1 Qg4+ 40. Kh1 Ne4 41. Qg1 Qh4 42. Rf1 d5 43. Rcd1 d4 44. exd4 Bxd4 45. Rxd4 cxd4 46. b6 axb6 47. a7 Rxa7 48. Ra1 Nxf2+ 49. Qxf2 Rxa1+ 0-1

[Event "*** Titled Tuesday Blitz"]
[Site "Chess.com"]
[Date "2019.10.01"]
[Round "1"]
[White "dmosesov"]
[Black "mjray79"]
[Result "1-0"]
[WhiteElo "2558"]
[BlackElo "2140"]
[TimeControl "180+2"]
[EndTime "13:08:33 PDT"]
[Termination "dmosesov won on time"]

1. d4 Nf6 2. c4 g6 3. Nc3 Bg7 4. e4 d6 5. Be2 O-O 6. Be3 c5 7. dxc5 Qa5 8. Bd2 Qxc5 9. Nf3 Rd8 10. O-O a6 11. Be3 Qc7 12. h3 Nbd7 13. Rc1 b6 14.
Nd4 e6 15. f3 Bb7 16. b4 Rac8 17. a4 Qb8 18. Qb3 d5 19. cxd5 exd5 20. Nxd5 Bxd5 21.
exd5 Rxc1 22. Rxc1 Qd6 23. Nc6 Re8 24. Rd1 Ne5 25. b5 axb5 26. axb5 Nxc6 27. dxc6 Qe5 28. Bc4 Qxe3+ 29. Qxe3 Rxe3 30. c7 Re8 31. Rd8 Bh6 32.
Rxe8+ Nxe8 33. c8=Q Kf8 34. Qd7 Be3+ 35. Kf1 Nd6 36.
Qxd6+ Kg8 37. Qd7 Kh8 38. Qxf7 1-0

[Event "*** Titled Tuesday Blitz"]
[Site "Chess.com"]
[Date "2019.10.01"]
[Round "1"]
[White "Qvalda"]
[Black "yuki_chess123"]
[Result "0-1"]
[WhiteElo "2544"]
[BlackElo "2171"]
[TimeControl "180+2"]
[EndTime "13:08:35 PDT"]
[Termination "yuki_chess123 won by resignation"]

1. d4 Nf6 2. c4 g6 3. g3 Bg7 4. Bg2 O-O 5. Nc3 d6 6. e3 Nbd7 7. Nge2 e5 8. O-O Re8 9. Qc2 h5 10. h3 Nh7 11. b3 Ndf6 12. Bb2 Bf5 13. e4 Bd7 14. Rad1 Qc8 15. Kh2 Ng5 16. h4 Ng4+ 17. Kg1 Ne6 18. d5 Nf8 19. b4 Nh7 20. Bc1 Rf8 21.
f3 Nh6 22. c5 f5 23. Qb3 Qe8 24. c6 bxc6 25. dxc6+ Be6 26. Nd5 Qf7 27. Qd3 Nf6 28.
Bg5 Bxd5 29. exd5 Qe8 30. b5 Nf7 31. Be3 e4 32. fxe4 Ne5 33. Qb3 Nxe4 34. Bf4 Ng4 35. Nd4 Bxd4+ 36. Rxd4 Qe7 37. Bxe4 fxe4 38. Re1 Rae8 39.
Qc2 Rxf4 40. gxf4 Qxh4 41. Rdxe4 Qxe1+ 42. Rxe1 Rxe1+ 43. Kg2 Ne3+ 44. Kf2 Nxc2 45. a4 Ra1 0-1

[Event "*** Titled Tuesday Blitz"]
[Site "Chess.com"]
[Date "2019.10.01"]
[Round "1"]
[White "kreonx"]
[Black "Winehouse83"]
[Result "1-0"]
[WhiteElo "2162"]
[BlackElo "2528"]
[TimeControl "180+2"]
[EndTime "13:08:38 PDT"]
[Termination "kreonx won by checkmate"]

1. e4 c5 2. Nc3 Nc6 3. g3 g6 4. Bg2 Bg7 5. d3 Nd4 6. Be3 h5 7. h3 e6 8. Qd2 a6 9. Nd1 Ne7 10. c3 Ndc6 11. Bxc5 d6 12. Be3 b5 13. d4 Bb7 14. f4 Qa5 15. Nf3 b4 16. c4 d5 17.
cxd5 exd5 18. e5 Bc8 19. O-O Be6 20. b3 Qd8 21. Rc1 Qd7 22. Ng5 a5 23. Nxe6 fxe6 24. Nb2 Nf5 25. Bf2 O-O 26. Na4 Rab8 27. Nc5 Qe8 28.
g4 hxg4 29. hxg4 Nh6 30. Bh3 Na7 31. Be1 Nb5 32. Qd3 Qe7 33. Rc2 Rf7 34. Qxg6 Nxd4 35.
Rd2 Qxc5 36. Kg2 Nb5 37. Qxe6 Nc3 38. g5 Ne4 39. gxh6 Nxd2 40. Bxd2 Qd4 41. Rf2 Rb6 42. Qc8+ Rf8 43. Be6+ Kh7 44. Qd7 Rxe6 45. Qxg7# 1-0

[Event "*** Titled Tuesday Blitz"]
[Site "Chess.com"]
[Date "2019.10.01"]
[Round "1"]
[White "grzechu96"]
[Black "Olga_Zhuravleva"]
[Result "1-0"]
[WhiteElo "2588"]
[BlackElo "2187"]
[TimeControl "180+2"]
[EndTime "13:08:40 PDT"]
[Termination "grzechu96 won by resignation"]

1. e4 e5 2. Nf3 Nc6 3. Bc4 Nf6 4. d3 d5 5. exd5 Nxd5 6. O-O Bc5 7. Re1 O-O 8. Nbd2 Re8 9. c3 Nb6 10. Bb5 f6 11. Ne4 Bd6 12. h3 a6 13. Bxc6 bxc6 14. Be3 Nd5 15. Qc2 Bf5 16. Rad1 Qe7 17. Bc1 Qf8 18. Ng3 Bg6 19. Nh4 Qf7 20. Nxg6 Qxg6 21.
Qa4 f5 22. Qxc6 Nf6 23. Qf3 f4 24. Ne4 Rab8 25. b3 h6 26. Bb2 Kh8 27. Kh1 Rbd8 28. Re2 Nh7 29. Rde1 Rf8 30. Qg4 Qxg4 31. hxg4 Kg8 32. f3 Rf7 33. Nxd6 cxd6 34. d4 exd4 35. c4 d3 36. Rd2 Nf8 37. Rxd3 Ng6 38. Re6 Nf8 39.
Rexd6 Re8 40. Rd1 Re2 41. R6d2 Re6 42. Kg1 Kh7 43. Kf1 Ng6 44. Rd7 Rfe7 45. Rxe7 Nxe7 46.
Re1 Rxe1+ 47. Kxe1 Ng6 48. b4 Nh4 49. Kf2 1-0

[Event "*** Titled Tuesday Blitz"]
[Site "Chess.com"]
[Date "2019.10.01"]
[Round "1"]
[White "GHANDEEVAM2003"]
[Black "LastHeroJr"]
[Result "0-1"]
[WhiteElo "2983"]
[BlackElo "2504"]
[TimeControl "180+2"]
[EndTime "13:08:43 PDT"]
[Termination "LastHeroJr won by resignation"]

1. c4 e5 2. g3 Nf6 3. Bg2 d5 4. cxd5 Nxd5 5. Nc3 Nb6 6. Nf3 Nc6 7. O-O Be7 8. d3 O-O 9. Be3 Re8 10. a3 Bf8 11. b4 a5 12. Bxb6 cxb6 13. b5 Nd4 14. e3 Nxf3+ 15. Bxf3 Rb8 16. Bd5 Bh3 17. Bxf7+ Kxf7 18. Qh5+ Kg8 19. Qxh3 Qxd3 20. Na2 Bxa3 21. Rfd1 Qxb5 22. Nc3 Qb3 23. Ne4 Bf8 24. Rab1 Qe6 25.
Qf1 a4 26. Qb5 Qc6 27. f3 a3 28. Qb3+ Qe6 29. Qc2 Rec8 30. Qe2 Qc4 31. Qxc4+ Rxc4 32. Rxb6 Rbc8 33. Rbb1 Rc2 34. Ra1 a2 35. Nd2 b5 36.
Nb3 Rb2 37. Nc1 Rb1 38. Nxa2 Rxa1 39. Rxa1 Ra8 40. Rb1 Rxa2 41. Rxb5 e4 42. fxe4 Kf7 43. Rf5+ Ke8 44. Rf3 Bc5 45. g4 Re2 46. Rf5 Bxe3+ 47. Kf1 Rxh2 0-1

[Event "*** Titled Tuesday Blitz"]
[Site "Chess.com"]
[Date "2019.10.01"]
[Round "1"]
[White "babero_gordo"]
[Black "Shubinkirill2003"]
[Result "0-1"]
[WhiteElo "2102"]
[BlackElo "2535"]
[TimeControl "180+2"]
[EndTime "13:08:47 PDT"]
[Termination "Shubinkirill2003 won by resignation"]

1. e4 e6 2. d4 d5 3. Nd2 Be7 4.
Ngf3 Nf6 5. e5 Nfd7 6. c3 c5 7. Bd3 Nc6 8. O-O h5 9. Qe2 g5 10. Qe3 g4 11. Ne1 Qb6 12. Nc2 cxd4 13. cxd4 h4 14. f4 Nf8 15. Kh1 Bd7 16. Nb3 O-O-O 17. Bd2 Kb8 18. Nc5 Bc8 19. b4 Nd7 20.
a4 Nxc5 21. bxc5 Qc7 22. Rfb1 Ka8 23. Nb4 Bd7 24. a5 Rb8 25. f5 Rhc8 26. f6 Bf8 27. Nxc6 Bxc6 28. Rb2 h3 29. g3 Bxc5 30. Qf4 Bf8 31.
Rab1 Ba4 32. Qxg4 a6 33. Qxh3 Qc6 34. Qf1 Bb5 35. Bxb5 axb5 36. Rxb5 Qc2 37. a6 b6 38. Be3 Qe4+ 39. Qg2 Qxe3 40. Rxb6 Rxb6 41. Rxb6 Rc1+ 0-1

[Event "*** Titled Tuesday Blitz"]
[Site "Chess.com"]
[Date "2019.10.01"]
[Round "1"]
[White "severomorskij"]
[Black "imdvb6307"]
[Result "1-0"]
[WhiteElo "2834"]
[BlackElo "2429"]
[TimeControl "180+2"]
[EndTime "13:08:49 PDT"]
[Termination "severomorskij won by checkmate"]

1. d4 d5 2. c4 c6 3. Nf3 Nf6 4. Nc3 e6 5. Qb3 Bd6 6. Bg5 Nbd7 7. e3 O-O 8. Bd3 Re8 9. O-O Qe7 10. cxd5 exd5 11. e4 dxe4 12. Nxe4 h6 13. Rfe1 Qf8 14. Bxf6 Nxf6 15. Nxf6+ gxf6 16. Rxe8 Qxe8 17. Re1 Qd8 18.
Bc4 Qd7 19. g3 b5 20. Bf1 Qd8 21. Qe3 Bf8 22. Bd3 Be6 23. Qe4 f5 24. Qf4 Qd6 25.
Ne5 Rd8 26. Bxf5 Qxd4 27. Bxe6 Qxf4 28. gxf4 fxe6 29. Nxc6 Rd2 30. Rxe6 Kf7 31. f5 Bc5 32. Ne5+ Kg7 33. f6+ Kh7 34. Kg2 Rxf2+ 35. Kg3 Rxb2 36.
Rc6 Bd4 37. Rc7+ Kh8 38. Ng6+ Kg8 39. Rg7# 1-0

[Event "*** Titled Tuesday Blitz"]
[Site "Chess.com"]
[Date "2019.10.01"]
[Round "1"]
[White "j_coca"]
[Black "Sashadav97"]
[Result "0-1"]
[WhiteElo "2088"]
[BlackElo "2534"]
[TimeControl "180+2"]
[EndTime "13:08:52 PDT"]
[Termination "Sashadav97 won by checkmate"]

1. f4 Nh6 2. Nf3 d5 3. d4 g6 4. e3 Bg7 5. Bd3 Bf5 6. O-O O-O 7. c3 Nd7 8. Qc2 c5 9. Qe2 Rc8 10. Nbd2 Nf6 11. Ne5 Bxd3 12. Qxd3 Nf5 13. Ndf3 c4 14. Qe2 Ne4 15. Nd2 Nfd6 16. Nef3 b5 17. a3 a5 18. Nxe4 Nxe4 19. Nd2 f5 20. Nxe4 dxe4 21. Bd2 Qd5 22. a4 Rb8 23. axb5 Rxb5 24. Ra2 Rfb8 25. Rb1 e6 26.
Bc1 Qc6 27. Rba1 Qc7 28. Ra4 Rc8 29. Qc2 h6 30. g3 Kh8 31. R1a2 Bf6 32. Qe2 Kh7 33.
g4 g5 34. Kg2 Qc6 35. Rxa5 Rxa5 36. Rxa5 gxf4 37. exf4 fxg4 38. Rc5 Qb7 39. Rxc8 e3+ 40. Kg3 h5 41. Rc5 Kg6 42. Bxe3 Qh1 43. Qc2+ Kg7 44. Rc7+ Kf8 45. Qf2 Qe4 46. f5 h4# 0-1

[Event "*** Titled Tuesday Blitz"]
[Site "Chess.com"]
[Date "2019.10.01"]
[Round "1"]
[White "GMKrikor"]
[Black "Zarikovs1999"]
[Result "1-0"]
[WhiteElo "2794"]
[BlackElo "2413"]
[TimeControl "180+2"]
[EndTime "13:08:55 PDT"]
[Termination "GMKrikor won by resignation"]

1. e4 c5 2. Nf3 Nf6 3. Nc3 d5 4. exd5 Nxd5 5. Bb5+ Bd7 6. Ne5 Bxb5 7. Qf3 f6 8. Nxb5 fxe5 9. Qxd5 Qxd5 10. Nc7+ Kd7 11. Nxd5 Nc6 12. d3 e6 13. Nc3 Nd4 14. Kd1 Bd6 15.
Ne4 Rhf8 16. c3 Nc6 17. Be3 b6 18. Ke2 Ne7 19. g3 Nd5 20. Rad1 Ke7 21. Rhf1 h6 22. h4 Rad8 23. Bd2 Nf6 24. f3 Nxe4 25. dxe4 c4 26. Be3 Bb8 27. a4 Rxd1 28. Rxd1 Rd8 29. Ra1 Kd7 30. a5 b5 31. a6 Kc6 32. f4 exf4 33. gxf4 Rf8 34. e5 Rf7 35. Rg1 Bc7 36.
Bxa7 Bxe5 37. Be3 Bxf4 38. Bxf4 Rxf4 39. Rxg7 Rf8 40. Ke3 Kd5 41. a7 Ke5 42. Rb7 Ra8 43.
Rxb5+ Kf6 44. Ra5 e5 45. Ke4 h5 46. Ra6+ Kf7 47. Kxe5 1-0

[Event "*** Titled Tuesday Blitz"]
[Site "Chess.com"]
[Date "2019.10.01"]
[Round "1"]
[White "ShadowJolteon"]
[Black "ChessNetwork"]
[Result "0-1"]
[WhiteElo "2341"]
[BlackElo "2695"]
[TimeControl "180+2"]
[EndTime "13:08:56 PDT"]
[Termination "ChessNetwork won by resignation"]

1. d4 Nf6 2. c4 e6 3. g3 Bb4+ 4. Bd2 Bxd2+ 5. Nxd2 d6 6. Ngf3 Qe7 7. Bg2 e5 8. O-O e4 9. Ne1 c5 10. dxc5 dxc5 11. Nc2 Nc6 12. Ne3 Nd4 13. Nb3 Qe5 14. Nc2 Nc6 15. Ne3 Be6 16. Rc1 Rd8 17. Qe1 O-O 18.
f4 exf3 19. exf3 Rfe8 20. f4 Qd6 21. Rd1 Nd4 22. Qd2 b6 23. Rfe1 h5 24. Nxd4 cxd4 25.
Nd5 Bxd5 26. Rxe8+ Rxe8 27. cxd5 h4 28. Qxd4 hxg3 29. hxg3 Re2 30. Rd2 Re1+ 31. Kf2 Ra1 32. Bf3 Rxa2 33. Qe5 Qc5+ 34. Qd4 Qxd4+ 35. Rxd4 Rxb2+ 36. Ke3 Kf8 37. d6 Rb3+ 38. Kf2 Rb2+ 39. Ke3 Rb3+ 40.
Kf2 Ke8 41. Bc6+ Kd8 42. Rd1 Rc3 43. Bf3 Kd7 44. Bg2 Ng4+ 45. Kg1 f5 46. Bh3 Rxg3+ 47.
Bg2 Rxg2+ 0-1

[Event "*** Titled Tuesday Blitz"]
[Site "Chess.com"]
[Date "2019.10.01"]
[Round "1"]
[White "NemtsevIgor"]
[Black "I-Mesquita"]
[Result "1-0"]
[WhiteElo "2316"]
[BlackElo "2637"]
[TimeControl "180+2"]
[EndTime "13:08:59 PDT"]
[Termination "NemtsevIgor won by resignation"]

1. d4 Nf6 2. Bg5 d5 3. Bxf6 gxf6 4. c4 dxc4 5. Nc3 Nc6 6. e3 Na5 7. Bxc4 Nxc4 8. Qa4+ c6 9. Qxc4 Qb6 10. Qe2 Rg8 11. g3 Be6 12. Nf3 Qb4 13. a3 Qb3 14.
Rc1 h5 15. h4 Bh6 16. Ne4 Qd5 17. Nc3 Qa5 18. Nd2 Rd8 19. Nde4 Bg4 20. f3 Be6 21. Kf2 Bf5 22. Nc5 Qc7 23. Rhg1 b6 24. N5e4 Qb7 25.
Qc4 Be6 26. Qa4 f5 27. Ng5 Bxg5 28. hxg5 Rxg5 29. Ne2 Bd7 30. Nf4 e6 31. Qb4 c5 32.
dxc5 Bc6 33. Rgd1 Rxd1 34. Rxd1 Bxf3 35. Rd6 bxc5 36. Qxc5 Be4 37. Qd4 Qc7 38. Qh8+ Ke7 39. Rd2 h4 40. Qxh4 Kf6 41. Nh3 Ke5 42. Nxg5 Qc1 43.
Re2 Kd5 44. Nxe4 fxe4 45. Qg5+ f5 46. Qd8+ Kc6 47. Qc8+ 1-0

[Event "*** Titled Tuesday Blitz"]
[Site "Chess.com"]
[Date "2019.10.01"]
[Round "1"]
[White "DeGrootteZ"]
[Black "Torrentec"]
[Result "1/2-1/2"]
[WhiteElo "2680"]
[BlackElo "2336"]
[TimeControl "180+2"]
[EndTime "13:09:08 PDT"]
[Termination "Game drawn by agreement"]

1. e4 e5 2. Nf3 Nc6 3. Bc4 Bc5 4. c3 Nf6 5. d3 a6 6. Nbd2 Ba7 7. h3 d6 8. Bb3 Be6 9. O-O h6 10. Bxe6 fxe6 11. Re1 O-O 12. Nf1 Qe8 13. Be3 Nh5 14. d4 Nf4 15. Ng3 Qf7 16. a4 Nxh3+ 17. gxh3 Qxf3 18.
Qxf3 Rxf3 19. Kg2 Rf7 20. Rad1 Raf8 21. Re2 exd4 22. cxd4 e5 23. Nf5 Nxd4 24. Nxd4 Bxd4 25. Bxd4 exd4 26. Rxd4 Rf3 27. Rc2 R8f7 28. Rdc4 Rb3 29.
Rxc7 Rxc7 30. Rxc7 Rxb2 31. Rd7 Rb4 32. f3 Rxa4 33.
Rxb7 Rd4 34. Ra7 Ra4 35. Kg3 g5 36. Rd7 Rd4 37. Kf2 Kf8 38. Ke3 Rd1 39. Rh7 a5 40. Rxh6 a4 41. Rh8+ Kg7 42. Ra8 Ra1 43. Ra6 a3 44. Kf2 a2 45. Kg2 Kf7 46. Kh2 Ke6 47. Ra5 Rf1 48. Rxa2 Rxf3 49. Ra5 Kf6 50. Rd5 Re3 51.
Rxd6+ Ke5 52. Rd5+ Kf6 53. Rf5+ Kg6 54. Re5 Kf6 55.
Re8 Kf7 56. Re5 Kf6 57. Rf5+ Kg6 1/2-1/2

[Event "*** Titled Tuesday Blitz"]
[Site "Chess.com"]
[Date "2019.10.01"]
[Round "1"]
[White "Playgood28"]
[Black "vlad10898"]
[Result "0-1"]
[WhiteElo "2285"]
[BlackElo "2641"]
[TimeControl "180+2"]
[EndTime "13:09:08 PDT"]
[Termination "vlad10898 won by resignation"]

1. d4 Nf6 2. c4 g6 3. Nc3 d5 4. e3 Bg7 5. Nf3 O-O 6. b4 c6 7. Bb2 a5 8. a3 axb4 9. axb4 Rxa1 10. Bxa1 Qb6 11. Qb3 Na6 12. b5 Qa5 13. Qa4 Qxa4 14. Nxa4 Nc7 15. b6 Ne6 16. Bd3 dxc4 17. Bxc4 Nd5 18. O-O Bd7 19. Nc5 Nxb6 20. Nxd7 Nxd7 21. Bxe6 fxe6 22. Rb1 Ra8 23. Bc3 b5 24. Bb4 Bf6 25. g4 g5 26. Nd2 Nb6 27. Ne4 Nd5 28. Be1 Kf7 29. Kf1 h6 30. Rc1 Rc8 31. Rc2 e5 32. Nc3 Nxc3 33. Bxc3 exd4 34. Bxd4 Bxd4 35. exd4 Ke6 36.
Ke2 Kd6 37. Kd3 Ra8 38. Re2 Ra3+ 39. Ke4 e6 40. f4 gxf4 41. Kxf4 Rh3 42. Rb2 Kd5 43.
Rc2 b4 44. Rc5+ Kxd4 45. Rxc6 Rxh2 46. Rxe6 b3 47. Rb6 b2 48. Kf5 Kc3 49. Rc6+ Kd2 50.
Rb6 Kc1 51. Kg6 b1=Q+ 0-1

[Event "*** Titled Tuesday Blitz"]
[Site "Chess.com"]
[Date "2019.10.01"]
[Round "1"]
[White "Alex_Terzi"]
[Black "tteshan"]
[Result "1-0"]
[WhiteElo "2614"]
[BlackElo "2250"]
[TimeControl "180+2"]
[EndTime "13:09:08 PDT"]
[Termination "Alex_Terzi won by resignation"]

1. e4 c5 2. Nc3 Nc6 3. Bb5 g6 4. Bxc6 dxc6 5. d3 Bg7 6. Be3 b6 7. f4 Nf6 8. Nf3 O-O 9. O-O Bg4 10. Qe1 Bxf3 11. Rxf3 Ng4 12. Bd2 b5 13. h3 Nf6 14.
Qh4 Nd7 15. Raf1 a5 16. e5 e6 17. Qf2 Qb6 18. Ne4 c4 19. Be3 Qc7 20. dxc4 bxc4 21. Nd6 f6 22. Nxc4 fxe5 23. fxe5 Rxf3 24. Qxf3 Nxe5 25.
Qe4 Nxc4 26. Qxc4 Qd6 27. b3 Qd5 28. Qh4 Rf8 29. Rxf8+ Bxf8 30. Qg4 Bd6 31. c4 Qd3 32. Qxe6+ Kg7 33. Qd7+ Kg8 34. Qe8+ Kg7 35. Qd7+ Kg8 36. Qe6+ Kg7 37. Bf2 Qb1+ 38. Qe1 Qd3 39. Qa1+ Kg8 40.
Qc1 Be5 41. Qe3 Qd1+ 42. Qe1 Qd6 43. Qxa5 Kf7 44. Qe1 Bf4 45. Qe2 Qf6 46. g3 Be5 47. Kg2 Qf5 48. Qf3 1-0